 Dungeon Crawl Stone Soup version 0.24.1-1-gd1d2a07e1b (webtiles) character file.

Game seed: 13055639897096576886, levelgen mode: deterministic

324590 1994 the Maledictor (level 20, -2/158 HPs)
             Began as a Vampire Enchanter on Apr 8, 2020.
             Was an Initiate of Gozag.
             Slain by an ironheart preserver
             ... wielding a cursed -1 great mace
              (26 damage)
             ... on level 5 of the Vaults on Apr 9, 2020.
             The game lasted 05:09:42 (62567 turns).

1994 the Maledictor (Vampire Enchanter)            Turns: 62567, Time: 05:09:43

Health: -2/158     AC: 13    Str: 15    XL:     20   Next: 71%
Magic:  18/49      EV: 22    Int: 23    God:    Gozag
Gold:   5703       SH:  7    Dex: 25    Spells: 5/51 levels left

rFire    + + .     SeeInvis +   a - +4 dagger (venom)
rCold    + + .     Gourm    .   u - +1 buckler {rC+}
rNeg     + . .     Faith    .   m - +1 leather armour "Ekhiev" {rElec rF++ rC- Stlth+}
rPois    +         Spirit   .   L - +2 helmet of Quantum Leap {MP+9 Str+2}
rElec    +         Reflect  .   t - +2 cloak {MR+}
rCorr    .         Harm     .   w - +1 pair of gloves {Dex+3}
MR       ++++.                  V - +0 pair of boots {Stlth+}
Stlth    ++++++++++             H - amulet of Freedom {RegenMP rPois Str+2 Dex+4 Stlth+}
HPRegen  0.56/turn              I - ring "Cocokoi" {rN+ Str+4}
MPRegen  0.56/turn              F - ring "Yplaeruff" {rC++ MR+}

@: about to teleport, gold aura, regenerating quickly, studying Armour
A: no food, fangs 3, see invisible, unbreathing
}: 2/15 runes: serpentine, barnacled
a: Exsanguinate, Potion Petition, Call Merchant, Bribe Branch, Renounce Religion


You were on level 5 of the Vaults.
You worshipped Gozag.
Gozag was greatly pleased with you.
You were alive.

You visited 8 branches of the dungeon, and saw 40 of its levels.

You collected 19016 gold pieces.
You spent 8509 gold pieces at shops.
You paid 4804 gold pieces to Gozag.

Inventory:

Hand Weapons
 a - a +4 dagger of venom (weapon)
 b - a +2 rapier of electrocution
Missiles
 p - 5 throwing nets
 M - 129 poisoned darts (quivered)
Armour
 g - a scarf of cloud immunity
 m - the +1 leather armour "Ekhiev" (worn) {rElec rF++ rC- Stlth+}
   (You found it on level 2 of the Lair of Beasts)

   It greatly protects you from fire.
   It makes you vulnerable to cold.
   It insulates you from electricity.
   It makes you more stealthy.
 t - a +2 cloak of magic resistance (worn)
 u - a +1 buckler of cold resistance (worn)
 w - a +1 pair of gloves of dexterity (worn)
 L - the +2 helmet of Quantum Leap (worn) {MP+9 Str+2}
   (You bought it in a shop on level 11 of the Dungeon)

   It affects your strength (+2).
   It affects your magic capacity (+9).
 V - a +0 pair of boots of stealth (worn)
Jewellery
 j - a cursed ring of resist corrosion
 D - the ring "Berhuppi" {rC+ MR+ Dex+4 SInv}
   (You bought it in a shop on level 7 of the Dungeon)

   [ring of protection from cold]

   It affects your dexterity (+4).
   It protects you from cold.
   It affects your resistance to hostile enchantments.
   It lets you see invisible.
 F - the ring "Yplaeruff" (right hand) {rC++ MR+}
   (You bought it in a shop on level 3 of the Snake Pit)

   [ring of protection from magic]

   It greatly protects you from cold.
   It affects your resistance to hostile enchantments.
 H - the amulet of Freedom (around neck) {RegenMP rPois Str+2 Dex+4 Stlth+}
   (You took it off a deep elf knight on level 3 of the Elven Halls)

   [amulet of magic regeneration]

   It increases your magic regeneration.
   It affects your strength (+2).
   It affects your dexterity (+4).
   It protects you from poison.
   It makes you more stealthy.
 I - the ring "Cocokoi" (left hand) {rN+ Str+4}
   (You found it on level 6 of the Lair of Beasts)

   [ring of positive energy]

   It affects your strength (+4).
   It protects you from negative energy.
 J - an uncursed ring of protection from fire
 Y - the ring "Kuadulips" {rElec Int+3 Stlth-}
   (You took it off a deep elf mage on level 3 of the Elven Halls)

   [ring of attention]

   It affects your intelligence (+3).
   It insulates you from electricity.
   It makes you less stealthy.
Wands
 A - a wand of iceblast (33)
 E - a wand of acid (6)
 N - a wand of paralysis (9)
 P - a wand of clouds (6)
 S - a wand of digging (6)
Scrolls
 c - 4 scrolls of magic mapping
 d - 8 scrolls of blinking
 f - 5 scrolls of fear
 l - 20 scrolls of teleportation
 n - 9 scrolls of remove curse
 v - 10 scrolls of fog
 y - 6 scrolls of immolation
 B - 2 scrolls of vulnerability
 Q - 10 scrolls of identify
 U - a scroll of summoning
Potions
 e - 5 potions of brilliance
 h - 5 potions of might
 i - 7 potions of lignification
 k - 16 potions of curing
 o - 2 potions of cancellation
 q - 6 potions of haste
 s - 4 potions of berserk rage
 x - 7 potions of flight
 z - 5 potions of invisibility
 G - 6 potions of ambrosia
 K - 3 potions of resistance
 O - 10 potions of heal wounds
 R - 2 potions of agility
 W - 8 potions of magic
Books
 Z - a manual of Armour
Miscellaneous
 r - a box of beasts
 C - a phial of floods
 T - a lamp of fire


   Skills:
 + Level 13.7 Fighting
 * Level 12.5 Short Blades
 - Level 2.0 Throwing
 - Level 10.6 Dodging
 - Level 21.0 Stealth
 - Level 4.0 Shields
 + Level 16.1 Spellcasting
 * Level 25.9 Hexes
 - Level 3.0 Charms
 - Level 3.0 Summonings
 - Level 3.0 Necromancy
 - Level 4.0 Translocations
 - Level 4.0 Transmutations
 - Level 4.1 Earth Magic


You had 5 spell levels left.
You knew the following spells:

 Your Spells              Type           Power        Failure   Level  Hunger
a - Confusing Touch       Hex            ######       0%          1    N/A
b - Regeneration          Chrm/Necr      ####......   3%          3    N/A
c - Confuse               Hex            #######.     0%          3    N/A
d - Tukima's Dance        Hex            #######.     0%          3    N/A
e - Blink                 Tloc           N/A          1%          2    N/A
f - Apportation           Tloc           #####.       1%          1    N/A
g - Dazzling Spray        Conj/Hex       ######       1%          3    N/A
h - Invisibility          Hex            #######.     0%          6    N/A
i - Yara's Violent Unrav  Hex/Tmut       ######....   1%          5    N/A
j - Cause Fear            Hex            #######...   0%          4    N/A
k - Passwall              Tmut/Erth      #####...     1%          2    N/A
l - Summon Mana Viper     Hex/Summ       ######..     1%          5    N/A
m - Discord               Hex            #######...   1%          8    N/A

Your spell library contained the following spells:

 Spells                   Type           Power        Failure   Level  Hunger
 Corona                   Hex            #######      0%          1    N/A
 Slow                     Hex            #######.     0%          2    N/A
 Animate Skeleton         Necr           N/A          1%          1    N/A
 Beastly Appendage        Tmut           #####.       1%          1    N/A
 Pain                     Necr           ####         1%          1    N/A
 Sandblast                Erth           #####.       1%          1    N/A
 Summon Butterflies       Summ           ####....     1%          1    N/A
 Summon Small Mammal      Summ           ####         1%          1    N/A
 Call Imp                 Summ           ####....     1%          2    N/A
 Corpse Rot               Necr           N/A          1%          2    N/A
 Ensorcelled Hibernation  Hex/Ice        ######       1%          2    N/A
 Sticks to Snakes         Tmut           #####...     1%          2    N/A
 Sublimation of Blood     Necr           ####......   1%          2    N/A
 Inner Flame              Hex/Fire       ######..     1%          3    N/A
 Portal Projectile        Hex/Tloc       ######       1%          3    N/A
 Metabolic Englaciation   Hex/Ice        ######....   1%          5    N/A
 Silence                  Hex/Air        ######....   1%          5    N/A
 Recall                   Summ/Tloc      N/A          2%          3    N/A
 Teleport Other           Tloc           #####...     2%          3    N/A
 Flame Tongue             Conj/Fire      ###..        3%          1    N/A
 Magic Dart               Conj           ###.         3%          1    N/A
 Swiftness                Chrm/Air       ####....     3%          2    N/A
 Call Canine Familiar     Summ           ####....     3%          3    N/A
 Vampiric Draining        Necr           ####......   3%          3    N/A
 Spider Form              Tmut/Pois      ####......   4%          3    N/A
 Stone Arrow              Conj/Erth      ####..       4%          3    N/A
 Throw Flame              Conj/Fire      ###...       5%          2    N/A
 Ignite Poison            Fire/Tmut/Pois ###.....     6%          3    N/A
 Passage of Golubria      Tloc           N/A          7%          4    N/A
 Petrify                  Tmut/Erth      #####...     7%          4    N/A
 Conjure Flame            Conj/Fire      ###.....     11%         3    N/A
 Mephitic Cloud           Conj/Pois/Air  ###.....     11%         3    N/A
 Animate Dead             Necr           N/A          11%         4    N/A
 Force Lance              Conj/Tloc      ####....     16%         4    N/A
 Ice Form                 Ice/Tmut       ####....     16%         4    N/A
 Lee's Rapid Deconstruct  Erth           #####.....   19%         5    N/A
 Summon Ice Beast         Ice/Summ       ####....     21%         4    N/A
 Blade Hands              Tmut           #####.....   21%         5    N/A
 Summon Forest            Summ/Tloc      ####......   24%         5    N/A
 Dispel Undead            Necr           ####....     30%         5    N/A
 Sticky Flame             Conj/Fire      ###.....     36%         4    N/A
 Fireball                 Conj/Fire      ###.......   71%         5    N/A
 Darkness                 Hex            #######...   0%          6    N/A
 Statue Form              Tmut/Erth      #####....    71%         6    N/A
 Deflect Missiles         Chrm/Air       ####......   97%         6    N/A
 Simulacrum               Ice/Necr       ####......   97%         6    N/A
 Bolt of Cold             Conj/Ice       ###.......   99%         6    N/A
 Bolt of Fire             Conj/Fire      ###.......   99%         6    N/A
 Freezing Cloud           Conj/Ice/Air   ###.......   99%         6    N/A
 Ozocubu's Refrigeration  Ice            ###.......   99%         6    N/A
 Dragon Form              Tmut           #####.....   99%         7    N/A
 Ring of Flames           Chrm/Fire      ####......   100%        7    N/A
 Summon Hydra             Summ           ####......   100%        7    N/A
 Controlled Blink         Tloc           N/A          100%        8    N/A
 Ignition                 Fire           ###.......   100%        8    N/A

Dungeon Overview and Level Annotations

Branches:
Dungeon (15/15)            Temple (1/1) D:7            Lair (6/6) D:10
 Shoals (4/4) Lair:2        Snake (4/4) Lair:4        Slime (0/5) Lair:5
    Orc (2/2) D:11            Elf (3/3) Orc:2        Vaults (5/5) D:13
  Crypt (0/3) Vaults:3     Depths (0/5) D:15

Altars:
Ashenzari
Cheibriados
Dithmenos
Elyvilon
Fedhas
Gozag
Hepliaklqana
Kikubaaqudgha
Makhleb
Nemelex Xobeh
Okawaru
Qazlal
Ru
Sif Muna
Trog
Uskayaw
Vehumet
Wu Jian
Xom
Yredelemnul
Zin
The Shining One
Jiyva

Shops:
D:6 *   D:7 =:=   D:9 *   D:11 ***[:   Orc:2 (*!(   Elf:1 [   Shoals:3 (
Shoals:4 %}*   Snake:3 }=}   Vaults:2 [   Vaults:4 !

Annotations:
D:2 exclusion: 2 upstairs
Elf:2 3 runed translucent doors
Vaults:4 3 runed translucent doors, fritzmikael's ghost, adept CeGl


Innate Abilities, Weirdness & Mutations

You do not eat.
Your natural rate of healing is unusually fast.
You have razor-sharp teeth.
You have supernaturally acute eyesight. (SInv)
You can survive without breathing.


Message History

The ironheart preserver's magic leaks into the air.
Your mana viper bites the ironheart preserver!!
The ironheart preserver's magic leaks into the air.
A fire giant comes into view.
It is wielding a +1 great sword of flaming.
A freezing wraith comes into view.
The fire giant points at you and mumbles some strange words.
The fireball explodes!
The fireball engulfs you! You resist.
* * * LOW HITPOINT WARNING * * *
Your mana viper bites the ironheart preserver but does no damage.
You hear a shout!
As you read the scroll of teleportation, it crumbles to dust.
You feel strangely unstable.
A storm dragon comes into view.
Unknown command.
Unknown command.
Unknown command.
The vault sentinel becomes distracted by the nearby gold, dreaming of imaginary riches.
The ironheart preserver hits you with a cursed -1 great mace!!
You die...
Your body crumbles into a pile of gold.

....# ....# ....# $
....##### ......... $
(.....###################
$$.../.........$.........
$<<...$.....D..p......WD.
<$.<$$.....p..S.@...C....
[<<.$$...................
$$[.....#################
$.$...$#.# ......#.#.#
.....#.#.#. ....#.#.#.#
....##|#.#.


You could see an ironheart preserver, a golden dragon, a storm dragon
(wandering), a fire giant, a vault sentinel (unaware), a freezing wraith and a
friendly mana viper.

Vanquished Creatures
  Jory (Vaults:2)
  Nikola (Vaults:2)
  A deep elf blademaster (Elf:3)
  A deep elf master archer (Elf:3)
  A tengu reaver (Vaults:2)
  A nagaraja (Snake:4)
  A fire giant (Vaults:3)
  A frost giant (Shoals:4)
  An orc warlord (Orc:2)
  5 deep elf sorcerers
  The ghost of Syus the Fencer, a journeyman MiBe of Trog (Elf:2)
  Louise (Snake:1)
  8 vault wardens
  The ghost of kandel6 the Bludgeoner, a journeyman MiBe of Trog (Orc:2)
  3 deep elf elementalists (Elf:3)
  4 ironheart preservers
  2 entropy weavers
  7 stone giants
  2 deep elf demonologists
  Azrael (D:13)
  6 dire elephants (Lair:6)
  Nessos (Lair:6)
  2 deep elf annihilators
  A minotaur (Shoals:3)
  The ghost of Panli the Archer, a journeyman CeAM of Okawaru (Lair:5)
  3 merfolk javelineers
  2 ettins (Vaults:4)
  6 merfolk impalers
  3 crystal guardians
  A fire dragon (Vaults:2)
  5 deep elf death magi
  Josephine (Orc:2)
  3 deep elf high priests (Elf:3)
  2 yaktaur captains
  4 great orbs of eyes
  6 vault guards
  6 hydras
  4 ice dragons
  4 merfolk avatars
  5 naga warriors
  A rakshasa (Vaults:2)
  5 centaur warriors
  19 anacondas
  3 alligator snapping turtles (Shoals:2)
  6 ogre magi
  2 merfolk aquamancers (Shoals:4)
  18 two-headed ogres
  A tengu warrior (D:14)
  A deep troll shaman (Vaults:4)
  6 death yaks
  A satyr (Shoals:3)
  A vampire mage (Vaults:3)
  8 shock serpents
  6 deep elf knights
  4 naga sharpshooters
  A flayed ghost (Vaults:4)
  2 skeletal warriors (Vaults:2)
  5 deep trolls
  5 unseen horrors
  The ghost of ezni the Thaumaturge, a novice DrCj (D:8)
  7 sea snakes
  A wizard (Vaults:2)
  11 deep elf archers
  4 glowing orange brains
  22 harpies
  Pikel (D:8)
  A phantasmal warrior (Vaults:3)
  7 ironbrand convokers
  A lindwurm (Lair:4)
  A necromancer (Elf:1)
  5 orc knights
  8 naga ritualists
  A mana viper (Snake:1)
  21 deep elf magi
  3 wolf spiders
  12 ugly things
  An orc sorcerer (Orc:2)
  13 fauns
  16 manticores
  4 cyclopes
  8 salamanders
  A moth of wrath (Orc:2)
  An oklob plant (D:12)
  8 guardian serpents (Snake:4)
  Joseph (D:7)
  An ice statue (Lair:2)
  5 centaur zombies
  Maurice (D:8)
  8 merfolk sirens
  A guardian serpent (shapeshifter) (Vaults:4)
  11 elephants
  29 black mambas
  10 water nymphs
  Psyche (D:8)
  A torpor snail (Lair:4)
  9 vault sentinels
  13 naga magi
  A gargoyle (D:14)
  8 yaktaurs
  An ice devil (Lair:2)
  7 spiny frogs
  A komodo dragon (shapeshifter) (Vaults:2)
  7 komodo dragons
  2 kobold demonologists (D:14)
  2 freezing wraiths
  2 rime drakes
  16 trolls
  2 polar bears
  A jumping spider (shapeshifter) (Elf:3)
  A hornet (D:7)
  6 meliai
  23 merfolk
  12 hippogriffs
  2 wind drakes (Shoals:4)
  9 dream sheep
  16 slime creatures
  5 blink frogs (Lair:4)
  10 snapping turtles
  A human simulacrum (Vaults:3)
  A spriggan (D:8)
  A vampire (D:14)
  A shadow (D:15)
  3 redbacks
  A spriggan (shapeshifter) (Vaults:4)
  6 water elementals
  A tarantella (shapeshifter) (Vaults:2)
  3 wyverns
  6 wraiths
  70 yaks
  4 basilisks
  2 dancing weapons
  3 fire elementals
  3 hungry ghosts
  6 vampire mosquitoes
  28 nagas
  An acid dragon (shapeshifter) (Vaults:2)
  7 wargs
  An acid dragon (D:14)
  3 hell hounds (D:13)
  8 water moccasins
  A large abomination (Elf:1)
  11 porcupines
  4 slaves (D:8)
  10 ice beasts
  4 sky beasts
  14 orc warriors
  4 black bears
  13 wolves
  5 phantoms
  3 eyes of draining
  25 ogres
  5 centaurs
  10 crocodiles
  2 big kobolds
  23 bullfrogs
  3 earth elementals
  13 scorpions
  A wyvern skeleton (D:10)
  A water moccasin zombie (D:8)
  A water moccasin skeleton (D:8)
  32 killer bees
  An electric eel (Lair:1)
  5 howler monkeys
  7 crimson imps
  4 bullfrog zombies
  2 quasits
  4 hounds
  13 jellies
  11 orc priests
  5 centaur skeletons
  2 bullfrog skeletons
  20 orc wizards
  An iron imp (D:9)
  Ijyb (D:3)
  3 iguanas
  8 worker ants
  A howler monkey zombie (D:5)
  3 gnolls
  13 adders
  5 shadow imps
  A white imp (Lair:2)
  9 oozes
  3 adder skeletons
  An adder zombie (D:5)
  7 worms
  4 dart slugs
  9 leopard geckos
  71 orcs
  7 giant cockroaches
  9 goblins
  8 hobgoblins
  12 jackals
  11 kobolds
  4 quokkas
  A ball python (D:7)
  13 bats
  6 frilled lizards
  A leopard gecko skeleton (D:4)
  A quokka skeleton (D:8)
  12 rats
  A fungus (D:5)
  7 plants
1241 creatures vanquished.

Vanquished Creatures (collateral kills)
  Sojobo (Vaults:2)
  A tentacled monstrosity (Vaults:5)
  A lich (Vaults:4)
  4 tengu reavers
  Roxanne (D:15)
  2 vault wardens
  5 deep elf sorcerers
  5 nagarajas (Snake:4)
  A deep elf elementalist (Elf:3)
  5 ironheart preservers
  3 stone giants
  3 deep elf demonologists (Elf:3)
  7 deep elf annihilators
  3 ettins
  6 merfolk impalers
  A merfolk javelineer (Shoals:4)
  An eidolon (Vaults:3)
  A great orb of eyes (Vaults:3)
  A yaktaur captain (Vaults:5)
  2 deep elf high priests (Elf:3)
  3 naga warriors
  19 vault guards
  Erica (D:11)
  17 two-headed ogres
  3 ogre magi
  An anaconda (Snake:4)
  2 centaur warriors
  A death knight (Vaults:3)
  A deep troll earth mage (Vaults:3)
  7 dancing weapons
  An orc high priest (Elf:2)
  2 naga sharpshooters (Snake:4)
  8 deep elf knights
  5 skeletal warriors (Vaults:2)
  4 deep trolls
  2 wizards (Vaults:3)
  6 deep elf archers
  4 necromancers
  A harpy (Shoals:3)
  An orb spider (shapeshifter) (Vaults:2)
  4 ironbrand convokers
  3 mana vipers
  A frost giant zombie (Vaults:2)
  17 deep elf magi
  2 cyclopes (Vaults:2)
  12 ugly things
  A large abomination (Elf:1)
  A guardian serpent (Snake:4)
  2 vault sentinels
  A black mamba (shapeshifter) (Vaults:3)
  2 naga magi (Snake:4)
  30 yaktaurs
  A yaktaur skeleton (Vaults:2)
  5 merfolk
  9 slime creatures
  A redback (Vaults:3)
  A water elemental (Elf:3)
  2 fire elementals (D:13)
  7 nagas
  5 orc warriors
  4 boggarts (Vaults:1)
  11 ogres
  8 centaurs
  3 human skeletons (Vaults:2)
  An orc wizard (D:6)
  2 orc priests (Orc:2)
  A gnoll (D:2)
  13 orcs
  A jackal (D:4)
294 creatures vanquished.

Vanquished Creatures (others)
  A deep elf master archer (Elf:3)
  A kraken (Shoals:2)
  A very ugly thing (Vaults:5)
  An ironheart preserver (Vaults:1)
  A deep elf annihilator (Elf:3)
  An ettin (Vaults:5)
  A deep elf death mage (Elf:3)
  A deep elf high priest (Elf:3)
  2 vault guards (Vaults:5)
  A two-headed ogre (Vaults:2)
  A centaur warrior (Vaults:2)
  An ogre mage (Vaults:2)
  2 salamander mystics
  2 deep elf archers
  6 deep elf magi
  An ugly thing (Vaults:1)
  A wolf spider (shapeshifter) (Vaults:5)
  A vault sentinel (Vaults:3)
  A yaktaur (Vaults:2)
  2 slime creatures (Vaults:1)
  A redback (Vaults:3)
  A tarantella (Vaults:3)
  A wraith (Vaults:3)
  16 dancing weapons
  A naga (Snake:4)
  An orc warrior (Elf:2)
  A centaur (Vaults:1)
  2 orcs (Vaults:4)
  A bush (Lair:6)
  28 fungi
  4 plants
86 creatures vanquished.

Grand Total: 1621 creatures vanquished

Notes
Turn   | Place    | Note
-------+----------+-------------------------------------------
     0 | D:1      | 1994 the Vampire Enchanter began the quest for the Orb.
     0 | D:1      | Reached XP level 1. HP: 13/13 MP: 3/3
   283 | D:1      | Reached XP level 2. HP: 18/19 MP: 3/5
   287 | D:1      | Learned a level 2 spell: Ensorcelled Hibernation
   467 | D:1      | Reached skill level 5 in Hexes
   919 | D:1      | Reached XP level 3. HP: 24/24 MP: 3/6
   997 | D:1      | Learned a level 3 spell: Confuse
  1339 | D:1      | Reached XP level 4. HP: 15/30 MP: 1/8
  1546 | D:2      | Learned a level 3 spell: Tukima's Dance
  1757 | D:2      | Reached skill level 6 in Hexes
  2249 | D:2      | Reached XP level 5. HP: 35/35 MP: 10/10
  2756 | D:3      | Noticed Ijyb
  2764 | D:3      | Killed Ijyb
  2826 | D:3      | Found a sacrificial altar of Ru.
  3348 | D:4      | Found an opulent altar of Gozag.
  3376 | D:4      | Became a worshipper of Gozag Ym Sagoz the Greedy
  3573 | D:4      | Reached skill level 7 in Hexes
  3590 | D:4      | Noticed an ogre
  3713 | D:4      | Noticed an ogre
  3724 | D:4      | Killed an ogre
  3724 | D:4      | Reached XP level 6. HP: 41/41 MP: 2/12
  4134 | D:4      | Reached skill level 5 in Stealth
  4470 | D:4      | Reached XP level 7. HP: 46/46 MP: 13/13
  4507 | D:5      | Entered Level 5 of the Dungeon
  4514 | D:5      | You fall into a shaft and drop 2 floors!
  4514 | D:7      | Found Alu Ivune's Jewellery Boutique.
  4535 | D:7      | Found a staircase to the Ecumenical Temple.
  4543 | Temple   | Entered the Ecumenical Temple
  4704 | Temple   | Reached skill level 8 in Hexes
  4737 | D:7      | Reached XP level 8. HP: 50/52 MP: 11/14
  4751 | D:7      | Noticed a hornet
  4764 | D:7      | Killed a hornet
  4764 | D:7      | Reached skill level 9 in Hexes
  4821 | D:7      | Found Dekionw Cecw's Book Shop.
  4826 | D:7      | Bought a book of Cantrips for 220 gold pieces
  4828 | D:7      | Learned a level 1 spell: Confusing Touch
  4831 | D:7      | Learned a level 2 spell: Blink
  4833 | D:7      | Learned a level 1 spell: Apportation
  4881 | D:7      | Noticed Joseph
  5094 | D:7      | Reached skill level 5 in Dodging
  5333 | D:6      | Reached skill level 5 in Spellcasting
  5410 | D:6      | Found Pierocow's Elemental Accessories.
  5955 | D:5      | Reached skill level 10 in Hexes
  5980 | D:5      | Reached XP level 9. HP: 57/57 MP: 7/16
  6412 | D:5      | Reached skill level 5 in Short Blades
  6553 | D:5      | Got a shadowed robe
  7493 | D:6      | Reached skill level 10 in Stealth
  7622 | D:6      | Bought a wand of iceblast (9) for 182 gold pieces
  7688 | D:7      | Reached skill level 1 in Fighting
  7688 | D:7      | Reached skill level 11 in Hexes
  7822 | D:7      | Noticed a moth of wrath
  7825 | D:7      | Found a bloodstained altar of Trog.
  7940 | D:7      | Found Qeerridgh's Jewellery Emporium.
  7948 | D:7      | Bought a cursed amulet of inaccuracy for 28 gold pieces
  8064 | D:7      | Bought a cursed -5 ring of protection for 28 gold pieces
  8114 | D:7      | Found a hazy altar of Hepliaklqana.
  8255 | D:7      | Found a sparkling altar of Nemelex Xobeh.
  8347 | D:7      | Found an ornate altar of the Wu Jian Council.
  8492 | D:7      | Killed Joseph
  8717 | D:8      | Learned a level 3 spell: Dazzling Spray
  8737 | D:8      | Reached skill level 1 in Throwing
  8737 | D:8      | Reached XP level 10. HP: 66/67 MP: 11/18
  8873 | D:8      | Found a stormy altar of Qazlal.
  8970 | D:8      | Found a basalt altar of Yredelemnul.
  8982 | D:8      | Found a runed translucent gate.
  8983 | D:8      | Found a runed translucent gate.
  8984 | D:8      | Found a runed translucent gate.
  8984 | D:8      | Noticed Maurice
  9000 | D:8      | Identified the +0 robe "Ketwuac" {Str+2} (You found it on
                  | level 5 of the Dungeon)
  9029 | D:8      | Noticed Psyche
  9030 | D:8      | Killed Maurice
  9036 | D:8      | Noticed ezni's ghost (novice DrCj)
  9092 | D:8      | Killed Psyche
  9139 | D:8      | Noticed Pikel
  9215 | D:8      | Killed Pikel
  9215 | D:8      | Reached skill level 12 in Hexes
  9417 | D:8      | Found a white marble altar of Elyvilon.
  9623 | D:9      | Found a snail-covered altar of Cheibriados.
  9782 | D:9      | Found Ottoth's Assorted Antiques.
  9785 | D:9      | Bought a potion of might for 84 gold pieces
  9886 | D:7      | Bought the ring "Berhuppi" {rC+ MR+ Dex+4 SInv} for 702
                  | gold pieces
  9945 | D:9      | Found a shattered altar of Ashenzari.
 10344 | D:9      | Found a hazy altar of Hepliaklqana.
 10580 | D:9      | Found a blossoming altar of Fedhas.
 10735 | D:10     | Entered Level 10 of the Dungeon
 11319 | D:10     | Noticed an unseen horror
 11328 | D:10     | Killed an unseen horror
 11328 | D:10     | Reached XP level 11. HP: 73/75 MP: 17/20
 11354 | D:10     | Found a staircase to the Lair.
 11458 | D:10     | Reached skill level 13 in Hexes
 11762 | D:10     | Noticed a two-headed ogre
 11801 | D:10     | Killed a two-headed ogre
 12992 | D:11     | Found a staircase to the Orcish Mines.
 13627 | D:11     | Noticed a green ugly thing
 13639 | D:11     | Noticed Erica
 13674 | D:11     | Killed Erica
 13720 | D:11     | Killed a green ugly thing
 14052 | D:11     | Noticed a cyan ugly thing
 14072 | D:11     | Killed a cyan ugly thing
 14163 | D:11     | Noticed a two-headed ogre
 14175 | D:11     | Killed a two-headed ogre
 14193 | D:11     | Noticed a two-headed ogre
 14198 | D:11     | Killed a two-headed ogre
 14759 | Lair:1   | Entered Level 1 of the Lair of Beasts
 14782 | Lair:1   | Noticed a four-headed hydra
 14810 | Lair:1   | Killed a four-headed hydra
 14810 | Lair:1   | Reached skill level 14 in Hexes
 15348 | Lair:1   | Reached XP level 12. HP: 84/84 MP: 22/22
 15775 | D:8      | Killed ezni's ghost
 16148 | Lair:2   | Got a translucent leather armour
 16155 | Lair:2   | Reached skill level 10 in Short Blades
 16305 | Lair:2   | Found a staircase to the Shoals.
 16464 | Lair:2   | Reached skill level 5 in Fighting
 16556 | Lair:2   | Noticed a six-headed hydra
 16587 | Lair:2   | Killed a six-headed hydra
 16750 | Lair:2   | Reached skill level 15 in Stealth
 17722 | Lair:2   | Reached skill level 15 in Hexes
 17829 | Lair:3   | Noticed a five-headed hydra
 18972 | Lair:3   | Killed a five-headed hydra
 18972 | Lair:3   | Reached XP level 13. HP: 93/93 MP: 15/25
 19626 | Lair:4   | Reached skill level 16 in Hexes
 19662 | Lair:4   | Found a staircase to the Snake Pit.
 19989 | Lair:4   | Found a runed translucent door.
 21203 | Lair:5   | Found a staircase to the Slime Pits.
 21205 | Lair:5   | Found a viscous altar of Jiyva.
 21431 | Lair:5   | Found a runed translucent door.
 21431 | Lair:5   | Noticed Panli's ghost (journeyman CeAM)
 22518 | Lair:6   | Entered Level 6 of the Lair of Beasts
 22546 | Lair:6   | Noticed Nessos
 22553 | Lair:6   | Killed Nessos
 22565 | Lair:6   | Reached skill level 17 in Hexes
 23216 | Lair:6   | Reached XP level 14. HP: 103/103 MP: 12/27
 23358 | Lair:6   | Got a wizard robe
 23688 | Lair:5   | Reached skill level 1 in Translocations
 25132 | Lair:6   | Identified the cursed +1 leather armour "Ekhiev" {rElec
                  | rF++ rC- Stlth+} (You found it on level 2 of the Lair of
                  | Beasts)
 25134 | Lair:6   | Identified the +4 robe "Ycoam" {rC++} (You found it on
                  | level 6 of the Lair of Beasts)
 27924 | Lair:6   | Reached skill level 10 in Dodging
 28055 | Lair:6   | Got a shimmering amber ring
 28058 | Lair:6   | Identified the ring "Cocokoi" {rN+ Str+4} (You found it on
                  | level 6 of the Lair of Beasts)
 28209 | Lair:5   | Killed Panli's ghost
 28414 | Orc:1    | Entered Level 1 of the Orcish Mines
 28668 | Orc:2    | Entered Level 2 of the Orcish Mines
 28668 | Orc:2    | Found a staircase to the Elven Halls.
 28844 | Orc:1    | Reached skill level 18 in Hexes
 29003 | Orc:1    | You fall into a shaft and drop 1 floor!
 29496 | Orc:2    | Found Tyskaycoe's Assorted Antiques.
 29500 | Orc:2    | Found Giskusaann's Weapon Shop.
 29507 | Orc:2    | Found Biubbus's Antique Weapon Shoppe.
 30030 | Orc:2    | Noticed an orc warlord
 30302 | Orc:2    | Found a transporter.
 30397 | Orc:2    | Noticed kandel6's ghost (journeyman MiBe)
 30452 | Orc:2    | Found a transporter.
 30566 | Orc:2    | Killed an orc warlord
 30738 | Orc:2    | Found Agoinnoiv's Distillery.
 30837 | Orc:2    | Bought a potion of cancellation for 88 gold pieces
 30837 | Orc:2    | Bought 2 potions of heal wounds for 110 gold pieces
 30837 | Orc:2    | Bought a potion of heal wounds for 55 gold pieces
 30837 | Orc:2    | Bought a potion of curing for 33 gold pieces
 30837 | Orc:2    | Bought a potion of curing for 33 gold pieces
 30837 | Orc:2    | Bought 2 potions of invisibility for 176 gold pieces
 30837 | Orc:2    | Bought a potion of might for 44 gold pieces
 30837 | Orc:2    | Bought a potion of ambrosia for 88 gold pieces
 30848 | Orc:2    | Bought a scroll of teleportation for 93 gold pieces
 30848 | Orc:2    | Bought a scroll labeled QOIRPHU SUZI for 31 gold pieces
 30848 | Orc:2    | Bought a scroll labeled DYONUADD SUAH for 31 gold pieces
 30848 | Orc:2    | Bought a scroll of identify for 62 gold pieces
 30848 | Orc:2    | Bought a scroll of identify for 62 gold pieces
 31071 | Orc:2    | Found Biubbus's Antique Weapon Shoppe.
 31139 | Orc:2    | Found Agoinnoiv's Distillery.
 31155 | Orc:2    | Found a transporter.
 31200 | Orc:2    | Found a transporter.
 31240 | Orc:2    | Found Tyskaycoe's Assorted Antiques.
 31241 | Orc:2    | Found Giskusaann's Weapon Shop.
 31290 | Orc:2    | Found a staircase to the Elven Halls.
 31438 | Orc:2    | Found a staircase to the Elven Halls.
 31536 | Orc:2    | Found Biubbus's Antique Weapon Shoppe.
 31604 | Orc:2    | Found Agoinnoiv's Distillery.
 31620 | Orc:2    | Found a transporter.
 31665 | Orc:2    | Found a transporter.
 31713 | Orc:2    | Found Giskusaann's Weapon Shop.
 31719 | Orc:2    | Found Tyskaycoe's Assorted Antiques.
 31943 | Orc:2    | Noticed Josephine
 32053 | Orc:2    | Killed Josephine
 32053 | Orc:2    | Reached XP level 15. HP: 110/110 MP: 28/28
 32350 | Orc:2    | Got a transparent copper amulet
 32428 | Orc:2    | Killed kandel6's ghost
 32768 | D:11     | Bought a book of Burglary for 1200 gold pieces
 32768 | D:11     | Bought a book of Enchantments for 800 gold pieces
 32775 | D:11     | Learned a level 6 spell: Invisibility
 32781 | D:11     | Learned a level 5 spell: Yara's Violent Unravelling
 32786 | D:11     | Learned a level 4 spell: Cause Fear
 32789 | D:11     | Learned a level 2 spell: Passwall
 32791 | D:11     | Bought an encrusted helmet for 323 gold pieces
 32807 | D:11     | Identified the +0 helmet of the Spider Nest {MR- Dex+6}
                  | (You bought it in a shop on level 11 of the Dungeon)
 32815 | D:11     | Bought a shimmering helmet for 323 gold pieces
 32820 | D:11     | Identified the +2 helmet of Quantum Leap {MP+9 Str+2} (You
                  | bought it in a shop on level 11 of the Dungeon)
 32825 | D:11     | Bought a runed cloak for 255 gold pieces
 32956 | Shoals:1 | Entered Level 1 of the Shoals
 33361 | Shoals:1 | Reached skill level 1 in Transmutations
 33403 | Shoals:1 | Reached skill level 1 in Earth Magic
 33461 | Shoals:1 | Found an iron altar of Okawaru.
 33477 | Shoals:1 | Identified the amulet "Wegis" {+Rage rElec} (You found it
                  | on level 2 of the Orcish Mines)
 33754 | Shoals:1 | Reached skill level 19 in Hexes
 34109 | Shoals:2 | Noticed a kraken
 35604 | Shoals:2 | Killed a kraken
 36232 | Shoals:3 | Reached skill level 10 in Spellcasting
 36445 | Shoals:3 | Found Ukhlay Jado's Antique Weapon Shop.
 37110 | Shoals:3 | Found a hide-covered altar of Uskayaw.
 37154 | Shoals:3 | Reached XP level 16. HP: 119/119 MP: 30/30
 37320 | Shoals:3 | Reached skill level 20 in Hexes
 37408 | Shoals:4 | Entered Level 4 of the Shoals
 37408 | Shoals:4 | Found Puruhapt's Food Emporium.
 37539 | Shoals:4 | Identified the +5 leather armour of Ablauc {*Drain rPois
                  | Str+5}
 37726 | Shoals:4 | Found Xeenadu's Gadget Emporium.
 37944 | Shoals:4 | Found Opyamis's Assorted Antiques.
 38392 | Shoals:4 | Bought an agate ring for 90 gold pieces
 38406 | Shoals:4 | Bought 2 scrolls of blinking for 270 gold pieces
 38406 | Shoals:4 | Bought a scroll of identify for 36 gold pieces
 38406 | Shoals:4 | Bought a chunky leatherbound book for 270 gold pieces
 39287 | Shoals:4 | Got a barnacled rune of Zot
 39669 | D:7      | Bought a book of Beasts for 605 gold pieces
 39675 | D:7      | Learned a level 5 spell: Summon Mana Viper
 39830 | Snake:1  | Entered Level 1 of the Snake Pit
 40077 | Snake:1  | Reached skill level 1 in Summonings
 40211 | Snake:1  | Noticed Louise
 40227 | Snake:1  | Killed Louise
 40538 | Snake:1  | Reached skill level 21 in Hexes
 40555 | Snake:1  | Found a stormy altar of Qazlal.
 40797 | Snake:1  | Found a runed translucent door.
 41198 | Snake:1  | Identified the +2 ring mail of Vehumet's Regard {Regen+
                  | Dex+2} (You found it on level 1 of the Snake Pit)
 41841 | D:12     | You fall into a shaft and drop 3 floors!
 41841 | D:15     | Entered Level 15 of the Dungeon
 41908 | D:15     | Identified the Tome of the Ten Stars
 41982 | D:15     | Identified Roxanne's Catalogue of Transmigration
 41982 | D:15     | Noticed Roxanne
 43000 | D:13     | Found a gate to the Vaults.
 43005 | D:13     | Reached XP level 17. HP: 127/127 MP: 32/32
 43019 | D:13     | Identified the +1 leather armour of Repulsion {rC+ MR-
                  | Int+4} (You found it on level 13 of the Dungeon)
 43051 | D:13     | Noticed Azrael
 43107 | D:13     | Killed Azrael
 43192 | D:13     | Reached skill level 10 in Fighting
 44171 | D:14     | Reached skill level 1 in Shields
 44890 | D:15     | Found a staircase to the Depths.
 45070 | D:15     | Killed Roxanne
 45970 | Snake:2  | You fall into a shaft and drop 1 floor!
 47004 | Snake:3  | Found Jorchi's Gadget Boutique.
 47004 | Snake:3  | Found Nutiobb's Jewellery Shoppe.
 47005 | Snake:3  | Found Mef Orerchoa's Gadget Boutique.
 47012 | Snake:3  | Bought a cursed ring of attention for 76 gold pieces
 47016 | Snake:3  | Bought a wand of digging (3) for 252 gold pieces
 47448 | Snake:4  | Entered Level 4 of the Snake Pit
 48106 | Snake:4  | Reached skill level 22 in Hexes
 49010 | Snake:4  | Reached XP level 18. HP: 126/138 MP: 32/35
 50001 | Snake:4  | Learned a level 8 spell: Discord
 50070 | Snake:4  | Got a serpentine rune of Zot
 50314 | D:11     | Bought a glowing cloak for 322 gold pieces
 50527 | Snake:3  | Bought the ring "Yplaeruff" {rC++ MR+} for 841 gold pieces
 50742 | Elf:1    | Entered Level 1 of the Elven Halls
 50742 | Elf:1    | Found Onaeples's Armour Shop.
 51625 | Elf:1    | Identified Plog's Guide on Necromancy
 52152 | Elf:2    | Found a runed translucent door.
 52152 | Elf:2    | Found a shimmering altar of Xom.
 52152 | Elf:2    | Noticed Syus's ghost (journeyman MiBe)
 52152 | Elf:2    | Identified the +8 quarterstaff of the Beginning {chaos,
                  | Dex+5}
 52185 | Elf:2    | Killed Syus's ghost
 52726 | Elf:2    | Found a runed translucent gate.
 52726 | Elf:2    | Found a runed translucent gate.
 52726 | Elf:2    | Found a runed translucent gate.
 52831 | Elf:3    | Entered Level 3 of the Elven Halls
 53363 | Elf:3    | Reached skill level 23 in Hexes
 53659 | Elf:3    | Identified the +12 great sword of Tension {pain, Dex+2}
 53659 | Elf:3    | Identified the ring "Kuadulips" {rElec Int+3 Stlth-}
 54123 | Elf:3    | Identified the amulet of Freedom {RegenMP rPois Str+2 Dex+4
                  | Stlth+} (You took it off a deep elf knight on level 3 of
                  | the Elven Halls)
 54443 | Elf:3    | Learned a level 3 spell: Regeneration
 55340 | Elf:3    | Identified the +5 scale mail of Yzurhoos {*Corrode rElec
                  | rF+++ Dex+3}
 55346 | Elf:3    | Reached skill level 15 in Spellcasting
 55456 | Elf:3    | Identified the Collected Works on Spatial Shape Shifting
 55628 | Elf:3    | Reached XP level 19. HP: 89/147 MP: 38/38
 55898 | Vaults:1 | Entered Level 1 of the Vaults
 56004 | Vaults:1 | Reached skill level 1 in Charms
 56004 | Vaults:1 | Reached skill level 1 in Necromancy
 57403 | Vaults:1 | Reached skill level 24 in Hexes
 57593 | Vaults:2 | Noticed Jory
 57597 | Vaults:2 | Killed Jory
 58214 | Vaults:2 | Found Woqicomp's Antique Armour Emporium.
 58220 | Vaults:2 | Bought a smoking buckler for 389 gold pieces
 58222 | Vaults:2 | Identified the +2 buckler "Harown" {+Fly rElec Str-3 Int+4}
                  | (You bought it in a shop on level 2 of the Vaults)
 58225 | Vaults:2 | Bought a pair of runed gloves for 307 gold pieces
 58570 | Vaults:2 | Noticed Nikola
 58576 | Vaults:2 | Killed Nikola
 59301 | Vaults:2 | Noticed Sojobo
 59307 | Vaults:2 | Killed Sojobo
 59868 | Vaults:3 | Reached skill level 25 in Hexes
 59883 | Vaults:3 | Reached XP level 20. HP: 156/156 MP: 39/39
 60841 | Vaults:3 | Found a staircase to the Crypt.
 60975 | Vaults:4 | Found Ixebifo's Distillery.
 61161 | Vaults:4 | Found a runed translucent gate.
 61161 | Vaults:4 | Found a runed translucent gate.
 61161 | Vaults:4 | Found a runed translucent gate.
 61161 | Vaults:4 | Noticed fritzmikael's ghost (adept CeGl)
 61631 | Vaults:4 | Noticed a golden dragon
 62053 | Vaults:5 | Entered Level 5 of the Vaults
 62304 | Vaults:5 | HP: 5/158 [yaktaur/bolt (30)]
 62554 | Vaults:5 | Noticed a golden dragon
 62567 | Vaults:5 | Slain by an ironheart preserver

Levels and vault maps discovered:
D:1:      psy_arrival_terrarium, layout_basic, minmay_bisected
D:2:      layout_loops_ring, minmay_misc_feat_tiny
D:3:      layout_loops_ring, nicolae_ru_the_path_less_chosen, first_ration,
          minivault_25, uniq_ijyb
D:4:      layout_loops_ring, nicolae_overflow_crystal_walls, amethyst_killhole,
          minmay_increasing_density
D:5:      old_forge, layout_loops_ring
D:6:      layout_loops_corners, nrook_mini_vaults, nicolae_elemental_shop
D:7:      layout_basic, tgw_trog, lemuel_coloured_pillars_altar,
          nicolae_overflow_hidden_temple, kennysheep_mini, temple_fountains,
          serial_shops, shop_fountains, shop, nicolae_shop_waterfront,
          uniq_joseph
D:8:      layout_basic, grunt_qazlal_clouds, elyvilon_altar_5,
          lemuel_round_altar, gammafunk_ghost_necromancy, grunt_pizzeria,
          uniq_pikel, uniq_maurice, uniq_psyche
D:9:      layout_cave_pods, overflow_temple_1_default, slow_altar_1,
          lemuel_round_altar, basic_altar, serial_shops, kennysheep_mini_moat
D:10:     layout_layer_cave, due_lair_maze_entry_diamond,
          hangedman_abyss_or_decor_stagger, kennysheep_generic_room_11
D:11:     layout_basic, david_orc_3, uniq_erica
D:12:     lemuel_slime, layout_basic
D:13:     layout_small_grid, erik_vaults_1, uniq_azrael
D:14:     layout_loops_cross, minmay_misc_feat_enclosed, nicolae_sextant
D:15:     grunt_enter_depths_magical_seal, layout_gridville, uniq_roxanne
Temple:   cyrus_temple_forest
Lair:1:   layout_chaotic_city, chequers_serial_rivers_micro_b,
          infiniplex_staircase_pool, serial_bayou_shore_a
Lair:2:   layout_small_grid, minmay_shoals_entry_lonely_mermaid, ice2_lemuel
Lair:3:   layout_long_grid, grunt_megastairs_1
Lair:4:   layout_regular_city, dummy_snake_entry, pf_torpor_hydra
Lair:5:   layout_cave_pods, slime_altar_1, hellmonk_ghost_happy_afterlife,
          chequers_serial_rivers_large_b, beast_lair_carwin_1,
          grunt_megastairs_2
Lair:6:   due_jungle_book, layout_regular_city, lemuel_fruit_tree, uniq_nessos
Shoals:1: layout_shoals, lemuel_altar_in_water
Shoals:2: layout_shoals, nicolae_shoals_siren_and_animal_friends
Shoals:3: layout_shoals, serial_shops, shop, regret_index_shoals_crete
Shoals:4: shoals_end_grunt_ice, layout_shoals, serial_shops,
          nicolae_shop_statue_plus, nicolae_shop_behind_doors,
          nicolae_shop_overgrown_old_shop
Snake:1:  layout_rooms, basic_altar, lightli_airlock, uniq_louise
Snake:2:  layout_chambers, serial_bayou_pond_a
Snake:3:  layout_gridlike, st_stairs_4, minmay_shop_grove
Snake:4:  grunt_snake_rune_serpentine_throne, layout_cave_town
Orc:1:    layout_caves
Orc:2:    st_orc_open, layout_caves, gammafunk_ghost_berserking_beasts,
          uniq_josephine
Elf:1:    layout_rooms, serial_shops, shop, minmay_elf_necromancy
Elf:2:    layout_geoelf_grid, ebering_ghost_xom
Elf:3:    minmay_elf_hall_curves, layout_geoelf_grid
Vaults:1: v_misc_33, v_misc_14, v_pattern_3, ontoclasm_vaults_gallery,
          nicolae_vaults_asterisk, vaults_room_hallway,
          ontoclasm_vaults_loading_screen, layout_vaults_omnigrid
Vaults:2: vaults_room_door_ring, ontoclasm_vaults_idyll,
          nicolae_vaults_mini_display_case, hangedman_vaults_snaps,
          ontoclasm_vaults_claustrophobia, v_misc_18,
          vaults_standard_mumra_lines, layout_vaults_omnicross, serial_shops,
          shop, uniq_nikola, uniq_jory, uniq_sojobo
Vaults:3: hangedman_vaults_slice, minmay_crypt_entry_simple_statues, kb_rosetta,
          v_misc_23, vaults_mumra_hexcomb, v_misc_2,
          ontoclasm_vaults_misaligned, grunt_vaults_funnel,
          nicolae_vaults_little_squares_3, layout_vaults_big_room
Vaults:4: gammafunk_vaults_ghost_split, nicolae_vaults_know_your_exits,
          hangedman_vaults_hat, hangedman_vaults_variations, v_pattern_5,
          v_rooms_6, ontoclasm_vaults_loading_screen, v_misc_11,
          vaults_dpeg_spiral, ontoclasm_vaults_eye, nicolae_vaults_little_ls,
          nicolae_vaults_specimen_jars, ontoclasm_vaults_fault,
          layout_vaults_ring, serial_shops, shop_coins
Vaults:5

Skill      XL: |  1  2  3  4  5  6  7  8  9 10 11 12 13 14 15 16 17 18 19 20 |
---------------+-------------------------------------------------------------+-----
Hexes          | 5 6 7 8 10 11 12 14 15 17 18 19 21 22 23 25 | 25.9
Short Blades   | 2 3 4 6 8 9 10 12 | 12.5
Spellcasting   | 3 4 5 6 7 8 9 10 11 13 15 16 | 16.1
Dodging        | 3 4 5 6 7 8 9 10 | 10.6
Stealth        | 5 6 8 10 12 14 16 17 19 20 21 | 21.0
Fighting       | 2 3 4 5 7 8 9 11 12 13 | 13.7
Throwing       | 1 2 |  2.0
Translocations | 3 4 |  4.0
Transmutations | 4 |  4.0
Earth Magic    | 4 |  4.1
Summonings     | 3 |  3.0
Shields        | 4 |  4.0
Charms         | 3 |  3.0
Necromancy     | 3 |  3.0

Action                   |  1- 3 |  4- 6 |  7- 9 | 10-12 | 13-15 | 16-18 | 19-21 || total
-------------------------+-------+-------+-------+-------+-------+-------+-------++-------
Melee: Dagger            |    90 |   229 |   407 |   751 |  1180 |  1318 |   365 ||  4340
       Bite              |     7 |    20 |    52 |    84 |   193 |   199 |    53 ||   608
 Fire: Hunting sling     |       |     9 |     1 |   138 |     3 |       |       ||   151
Throw: Dart              |       |     6 |    44 |     5 |    23 |    21 |       ||    99
 Cast: Corona            |    16 |     4 |       |       |       |       |       ||    20
       Ensorcelled Hiber |    12 |     2 |     3 |    36 |    34 |    17 |       ||   104
       Confuse           |       |    26 |    50 |   163 |   273 |   301 |   106 ||   919
       Tukima's Dance    |       |     5 |     3 |    10 |    24 |    43 |     6 ||    91
       Dazzling Spray    |       |       |       |    14 |    72 |     9 |     3 ||    98
       Blink             |       |       |       |     1 |     9 |     3 |     5 ||    18
       Apportation       |       |       |       |    20 |     9 |    11 |       ||    40
       Confusing Touch   |       |       |       |       |     6 |    29 |     6 ||    41
       Invisibility      |       |       |       |       |     1 |     8 |     1 ||    10
       Cause Fear        |       |       |       |       |     1 |     3 |     1 ||     5
       Yara's Violent Un |       |       |       |       |       |     4 |    18 ||    22
       Passwall          |       |       |       |       |       |     2 |       ||     2
       Summon Mana Viper |       |       |       |       |       |    60 |    24 ||    84
       Discord           |       |       |       |       |       |    32 |    52 ||    84
Invok: Call Merchant     |       |       |       |       |     3 |     2 |       ||     5
Evoke: Wand              |       |       |       |       |     9 |     7 |       ||    16
       Lamp of fire      |       |       |       |       |     2 |       |       ||     2
  Use: Scroll            |       |       |    13 |     8 |    17 |     8 |     2 ||    48
       Potion            |       |       |       |       |       |       |     1 ||     1
 Stab: Sleeping          |    14 |    12 |    13 |    51 |    78 |   115 |    60 ||   343
       Confused          |       |    10 |    22 |    93 |   172 |   210 |    77 ||   584
       Distracted        |       |     1 |       |     4 |     3 |    12 |     4 ||    24
       Invisible         |       |       |       |     3 |    24 |    33 |       ||    60
Armor: Robe              |    11 |     2 |       |    27 |    27 |       |       ||    67
       Leather armour    |       |    37 |    72 |    97 |   106 |   144 |    44 ||   500
Dodge: Dodged            |    64 |   108 |   240 |   430 |   663 |   664 |   151 ||  2320
Block: Buckler           |       |       |       |       |       |   133 |    97 ||   230
